Map: Acropolis LE

Players

HeRoMaRinE

  • Race: Terran Terran
  • Spawn Location: 5:00

Serral - Winner!

  • Race: Zerg Zerg
  • Spawn Location: 11:00

VOD

Have the link to the VOD?

Description

Time

  • Played on: Sept. 8, 2019, 1:21 p.m.
  • Length: 30:42
Show
View Real Time Build Order
Export as new Build Order

HeRoMaRinE Terran 

Build Orders: Hellion Opening, Reaper Expand, Mech 

Get SALT Encoding   

  12  0:00  SCV  
  13  0:13  SCV  
  14  0:17  Supply Depot  
  14  0:25  SCV  
  15  0:39  SCV  
  15  0:41  Barracks  
  16  0:42  Refinery  
  16  0:51  SCV  
  17  1:03  SCV  
  18  1:15  SCV  
  19  1:28  Orbital Command, Reaper  
  20  1:38  Command Center  
  20  1:48  Supply Depot  
  20  1:53  SCV  
  21  2:00  Marine  
  22  2:05  SCV  
  23  2:09  Factory  
  23  2:12  Refinery  
  23  2:18  SCV  
  23  2:19  Barracks Reactor  
  24  2:30  SCV  
  25  2:42  SCV  
  26  2:51  Orbital Command  
  26  2:54  SCV  
  26  2:56  Starport  
  27  3:01  Hellion  
  27  3:02  Hellion  
  31  3:06  SCV  
  32  3:18  SCV x2  
  34  3:23  Hellion x2  
  38  3:28  Supply Depot  
  38  3:30  SCV x2  
  38  3:33  Viking  
  42  3:37  Fusion Core  
  42  3:42  SCV x2  
  42  3:45  Hellion  
  46  3:50  Hellion  
  46  3:54  SCV x2  
  50  4:00  Supply Depot  
  50  4:06  SCV x2, Starport Tech Lab  
  52  4:18  SCV x2  
  52  4:20  Command Center  
  54  4:31  Supply Depot  
  54  4:32  Battlecruiser  
  54  4:33  SCV x2  
  62  4:38  Refinery  
  62  4:41  Refinery  
  62  4:45  SCV x2  
  62  4:53  Hellion x2  
  62  4:55  Supply Depot  
  62  4:57  SCV x2  
  68  5:07  Factory  
  68  5:09  SCV  
  68  5:10  SCV, Factory  
  70  5:17  Hellion x2  
  74  5:22  SCV x2  
  76  5:34  SCV x2  
  78  5:41  Hellion  
  78  5:42  Hellion, Battlecruiser  
  86  5:46  SCV x2, Refinery  
  86  5:49  Refinery  
  86  5:58  SCV x2  
  86  5:59  Orbital Command  
  86  6:01  Weapon Refit  
  86  6:02  Factory Tech Lab x2  
  88  6:06  Hellion x2  
  88  6:10  SCV  
  93  6:15  SCV, Supply Depot  
  93  6:16  Supply Depot  
  94  6:22  SCV  
  94  6:24  Cyclone x2  
  101  6:25  Mag-Field Accelerator  
  101  6:36  Supply Depot  
  101  6:37  SCV x3, Supply Depot  
  104  6:42  Armory  
  102  6:49  SCV x3  
  109  7:00  Hellion x2  
  116  7:01  SCV x3  
  116  7:08  Supply Depot  
  119  7:11  Supply Depot  
  119  7:12  Battlecruiser  
  119  7:13  SCV x2  
  124  7:20  Cyclone  
  124  7:21  Cyclone  
  124  7:22  SCV  
  125  7:25  SCV  
  125  7:27  Armory  
  125  7:29  Terran Vehicle Weapons Level 1  
  127  7:36  Command Center  
  126  7:44  Factory, Barracks Reactor  
  126  7:48  Factory  
  126  7:49  Hellion x2  
  130  7:52  Cyclone  
  130  7:57  Supply Depot  
  130  7:58  Supply Depot  
  133  7:59  Siege Tank  
  136  8:10  Infernal Pre-Igniter  
  136  8:12  Hellion x2  
  140  8:24  Siege Tank  
  141  8:27  Engineering Bay  
  141  8:31  Cyclone  
  141  8:32  Factory Tech Lab  
  137  8:35  Terran Vehicle And Ship Armor Level 1  
  137  8:39  Hellion  
  137  8:40  Hellion x3  
  145  8:43  Cyclone  
  145  8:48  SCV x3  
  151  8:56  Cyclone  
  151  8:59  Missile Turret  
  151  9:00  SCV x3  
  151  9:01  Hellion x2  
  161  9:03  Cyclone  
  161  9:04  Refinery  
  161  9:07  Refinery  
  164  9:11  Hellion x2  
  164  9:15  Cyclone  
  169  9:18  Supply Depot x2  
  169  9:19  Supply Depot  
  169  9:22  Hellion  
  171  9:26  Missile Turret  
  171  9:28  Missile Turret  
  171  9:30  Orbital Command  
  171  9:31  Missile Turret  
  171  9:34  Hellion  
  171  9:35  Cyclone  
  171  9:36  Siege Tank  
  171  9:37  Hellion x2  
  171  9:41  SCV x2  
  171  9:43  SCV  
  173  9:47  Siege Tank  
  173  9:49  Terran Vehicle Weapons Level 2  
  176  9:53  SCV x2  
  176  9:54  Factory  
  176  9:55  Factory  
  176  9:56  SCV  
  179  10:03  Hellion x2  
  179  10:07  Cyclone  
  179  10:08  Cyclone  
  179  10:12  Factory  
  189  10:19  Cyclone  
  189  10:20  Supply Depot  
  189  10:21  Supply Depot  
  188  10:24  Missile Turret  
  188  10:25  Missile Turret  
  188  10:26  Missile Turret  
  188  10:29  Terran Vehicle And Ship Armor Level 2  
  188  10:30  Hellion x4  
  188  10:31  Missile Turret x2  
  188  10:39  Cyclone  
  188  10:40  Siege Tank  
  194  10:43  Factory Tech Lab  
  194  10:44  Factory Tech Lab  
  194  10:51  Siege Tank, Smart Servos  
  194  10:54  Hellion  
  199  10:58  Factory Reactor  
  193  11:11  Cyclone  
  193  11:12  Cyclone  
  197  11:26  Sensor Tower  
  197  11:38  Cyclone  
  193  11:42  Cyclone  
  193  11:44  Cyclone  
  193  11:45  Cyclone, Hellion x3  
  193  11:46  Hellion x3  
  183  11:47  Hellion  
  181  11:54  Factory  
  181  11:55  Factory  
  173  12:06  Hellion  
  173  12:07  Hellion x3  
  173  12:08  Cyclone  
  177  12:10  Cyclone  
  177  12:15  Cyclone  
  179  12:17  Cyclone x2  
  153  12:38  Factory Tech Lab  
  153  12:39  Factory Tech Lab, Hellion x3  
  153  12:40  Hellion x3, Thor  
  153  12:42  Thor  
  177  12:46  Thor  
  177  12:48  Thor  
  177  12:49  Thor  
  177  12:50  Terran Vehicle And Ship Armor Level 3, Terran Vehicle Weapons Level 3  
  195  13:00  Command Center  
  195  13:18  Thor  
  199  13:24  Starport Reactor  
  199  13:26  Starport  
  197  13:46  Thor  
  197  13:47  Hellion, Thor x2  
  197  13:48  Hellion x2, Thor  
  189  13:58  Thor  
  192  14:05  Thor  
  192  14:06  Hellion x3  
  192  14:08  Cyclone  
  192  14:09  Hellion x2  
  184  14:10  Hellion  
  184  14:12  Planetary Fortress  
  183  14:27  SCV x4, Hellion x3  
  183  14:29  Cyclone  
  183  14:30  Cyclone  
  199  14:35  Refinery  
  199  14:36  Refinery  
  199  14:37  Missile Turret  
  199  14:41  Starport Reactor  
  199  14:56  Command Center  
  199  15:12  Hellion x3  
  186  15:19  Siege Tank x2, Cyclone  
  195  15:27  Terran Ship Weapons Level 1, Hellion  
  195  15:29  Hellion  
  195  15:31  Cyclone  
  184  15:41  Thor  
  176  15:43  Siege Tank  
  176  15:44  Siege Tank  
  176  15:46  Hellion x4  
  176  15:47  Viking x2  
  194  15:50  Viking  
  194  15:51  Cyclone  
  194  15:53  Viking  
  194  15:56  Orbital Command  
  183  16:01  Thor x2  
  179  16:05  Hellion  
  179  16:06  Hellion x2  
  179  16:07  Hellion  
  175  16:15  Hellion  
  175  16:18  Orbital Command  
  175  16:22  Viking x2  
  175  16:23  Viking  
  181  16:35  Thor  
  187  16:43  Thor  
  193  16:54  Thor  
  193  17:07  Cyclone x2, Hellion  
  193  17:08  SCV x2, Hellion x2  
  187  17:11  SCV  
  187  17:14  SCV x2  
  187  17:15  SCV  
  188  17:21  Thor  
  194  17:25  Cyclone  
  194  17:26  Hellion  
  199  17:33  Terran Ship Weapons Level 2  
  200  18:05  Hellion  
  200  18:06  Hellion  
  194  18:21  Thor  
  196  18:32  Thor  
  182  18:35  Thor x2  
  182  18:36  Hellion x3  
  182  18:38  Hellion  
  188  18:55  Thor  
  182  18:56  Hellion x2  
  182  19:02  Thor x2  
  189  19:06  Hellion x2  
  189  19:07  Hellion x2  
  177  19:14  Hellion  
  177  19:16  Hellion  
  166  19:18  Hellion x4  
  162  19:28  Hellion  
  162  19:31  Orbital Command  
  155  19:34  Hellion x3  
  155  19:35  Cyclone, Viking x2  
  155  19:36  Viking x2  
  160  19:43  Hellion  
  160  19:44  Hellion  
  164  19:52  Hellion x2  
  158  19:57  Hellion  
  152  20:05  Viking x2  
  156  20:08  Siege Tank, Orbital Command  
  154  20:17  Thor  
  158  20:22  Hellion x3  
  158  20:24  Hellion  
  158  20:26  Hellion  
  168  20:38  Refinery  
  170  20:43  Hellion  
  170  20:44  Hellion  
  176  20:50  SCV x2  
  176  20:51  Hellion, Refinery  
  175  21:03  Siege Tank x3  
  171  21:07  Siege Tank  
  171  21:11  Hellion x3  
  170  21:12  Hellion x3  
  170  21:14  Hellion  
  170  21:15  Hellion  
  174  21:33  Thor  
  174  21:34  Thor  
  174  21:38  Hellion  
  188  21:41  Command Center  
  188  21:43  Hellion  
  188  21:44  Hellion x7  
  190  21:52  Thor  
  194  21:58  Thor  
  198  22:19  Orbital Command  
  179  22:38  SCV x3  
  179  22:39  SCV  
  172  22:54  Thor x2  
  172  22:55  Hellion x2  
  194  23:01  Hellion  
  194  23:02  Hellion x2  
  194  23:03  Hellion  
  170  23:40  Engineering Bay  
  170  23:41  Thor x2  
  166  23:44  Thor  
  166  23:45  SCV x2  
  166  23:48  SCV  
  155  23:50  SCV  
  155  23:54  SCV x2  
  158  23:58  SCV  
  160  24:05  Orbital Command  
  157  24:12  Planetary Fortress  
  157  24:14  Hellion x2  
  161  24:22  Hellion x2  
  165  24:24  SCV  
  165  24:25  SCV x2  
  165  24:26  SCV  
  165  24:30  SCV  
  170  24:31  SCV  
  170  24:36  SCV  
  170  24:37  SCV x2  
  170  24:38  SCV  
  175  24:41  Refinery  
  175  24:45  Refinery  
  175  24:54  Supply Depot x2  
  175  24:55  Supply Depot  
  175  24:56  Supply Depot  
  172  25:16  Thor x2  
  184  25:21  Thor  
  184  25:23  Missile Turret  
  190  25:30  Supply Depot  
  190  25:33  Siege Tank  
  191  25:48  Siege Tank, Thor  
  200  25:55  Command Center  
  200  26:05  Siege Tank  
  199  26:15  Siege Tank  
  197  26:25  Siege Tank  
  198  26:26  Orbital Command  
  197  26:33  Siege Tank  
  198  26:43  Sensor Tower  
  198  26:44  Siege Tank  
  194  27:14  Siege Tank, Thor  
  197  27:19  Hellion x2  
  197  27:22  Hellion  
  191  27:26  Thor x2  
  191  27:28  Hellion x2  
  183  27:31  Hellion x3  
  183  27:32  Thor  
  157  27:46  Thor  
  139  27:52  Thor  
  139  27:57  Thor  
  149  28:06  Thor  
  155  28:14  Thor  
  160  28:20  Orbital Command  
  152  28:35  Thor  
  154  28:47  Orbital Command  
  154  28:49  Hellion x2  
  154  28:53  Thor  
  164  29:01  Siege Tank x2  
  164  29:26  Thor  
  164  29:27  Thor  
  164  29:35  Thor  
  164  29:43  Hellion x2  
  159  29:47  Cyclone  
  151  30:02  Hellion x2  
  151  30:03  Hellion x2  
Show
View Real Time Build Order
Export as new Build Order

Serral Zerg - Winner!

Build Orders: Hatch First, Brood Lord Corruptor 

Get SALT Encoding   

  12  0:01  Drone  
  13  0:12  Overlord  
  13  0:18  Drone  
  14  0:31  Drone x2  
  16  0:48  Hatchery  
  15  0:51  Drone  
  15  0:55  Drone  
  17  0:58  Drone  
  18  1:09  Extractor  
  17  1:13  Spawning Pool  
  17  1:16  Drone  
  17  1:19  Drone  
  18  1:28  Drone  
  19  1:38  Drone  
  20  1:49  Overlord  
  20  2:00  Queen x2, Zergling x2  
  20  2:01  Zergling x2  
  26  2:11  Drone x2  
  28  2:22  Hatchery  
  27  2:25  Drone  
  28  2:36  Queen  
  29  2:39  Spore Crawler  
  29  2:41  Pneumatized Carapace  
  29  2:43  Drone  
  30  2:45  Drone  
  30  2:47  Drone  
  32  2:52  Overlord  
  32  2:56  Drone  
  32  2:58  Drone  
  34  2:59  Drone  
  34  3:04  Metabolic Boost  
  35  3:10  Drone  
  35  3:12  Drone x2  
  38  3:17  Queen  
  40  3:25  Overlord  
  40  3:26  Drone  
  40  3:27  Drone  
  42  3:28  Drone  
  43  3:37  Overlord  
  43  3:39  Queen  
  45  3:43  Zergling x4  
  45  3:44  Drone x2  
  45  3:46  Drone  
  50  3:50  Zergling x2  
  50  3:51  Drone x2  
  50  3:53  Drone  
  54  4:00  Queen  
  54  4:01  Overlord  
  56  4:06  Zergling x4  
  56  4:07  Drone x2  
  60  4:11  Drone x2  
  60  4:15  Overlord  
  62  4:18  Drone x3  
  62  4:23  Roach Warren  
  64  4:25  Overlord  
  64  4:26  Drone  
  64  4:28  Drone  
  66  4:32  Lair  
  66  4:36  Queen  
  68  4:40  Drone x2, Extractor  
  68  4:42  Extractor  
  68  4:44  Zergling x2  
  68  4:45  Drone x3  
  72  4:49  Overlord  
  72  4:51  Drone x3  
  75  4:55  Drone x3  
  75  4:59  Spore Crawler  
  77  5:01  Spore Crawler  
  77  5:02  Spore Crawler  
  77  5:05  Queen  
  77  5:08  Drone x3  
  77  5:12  Roach x2  
  84  5:14  Overlord  
  84  5:16  Overlord  
  84  5:20  Roach  
  84  5:21  Roach  
  88  5:25  Extractor  
  88  5:26  Roach  
  89  5:32  Overseer  
  89  5:34  Glial Reconstitution  
  89  5:36  Overlord  
  89  5:37  Drone x2  
  89  5:39  Drone x4  
  95  5:47  Roach  
  95  5:48  Drone x4  
  95  5:49  Drone  
  102  5:52  Extractor  
  102  5:53  Overlord, Extractor  
  102  5:55  Spire  
  102  5:57  Drone x2  
  98  6:04  Spore Crawler  
  98  6:05  Spore Crawler  
  98  6:06  Roach  
  98  6:08  Drone  
  98  6:09  Drone x2  
  101  6:21  Roach  
  101  6:23  Hatchery, Drone x3  
  105  6:27  Drone  
  105  6:28  Drone x3  
  105  6:29  Evolution Chamber x2  
  105  6:31  Overlord x2  
  107  6:35  Spore Crawler  
  105  6:43  Overlord  
  105  6:52  Overlord x2  
  105  7:00  Zerg Melee Weapons Level 1, Zerg Missile Weapons Level 1  
  105  7:03  Drone x2  
  105  7:04  Drone x6  
  105  7:08  Extractor  
  112  7:10  Corruptor x6  
  112  7:11  Corruptor  
  112  7:13  Extractor  
  125  7:16  Corruptor  
  125  7:20  Drone  
  125  7:21  Infestation Pit  
  127  7:23  Drone x3  
  127  7:25  Drone x3  
  133  7:30  Zergling x2  
  133  7:33  Overlord x2  
  134  7:38  Overlord, Overseer  
  134  7:45  Roach x3  
  134  7:46  Roach  
  134  7:47  Ravager  
  143  7:59  Swarm Host  
  143  8:00  Swarm Host x2  
  143  8:03  Nydus Network  
  166  8:09  Zergling x2  
  166  8:10  Zergling x6  
  163  8:21  Corruptor x3  
  163  8:23  Drone x2  
  163  8:25  Drone  
  171  8:32  Hatchery  
  172  8:34  Zergling x8, Roach x3  
  172  8:37  Baneling Nest, Pathogen Glands  
  177  8:41  Nydus Canal  
  177  8:47  Ravager  
  177  8:48  Hive  
  178  8:56  Burrow, Nydus Canal  
  178  9:01  Ravager, Roach x2  
  183  9:05  Overlord x2  
  183  9:07  Hatchery  
  183  9:09  Zerg Melee Weapons Level 2, Zerg Missile Weapons Level 2  
  182  9:11  Overlord  
  182  9:21  Overlord x2  
  182  9:25  Infestor x2  
  185  9:36  Roach x7  
  196  9:40  Nydus Canal  
  191  9:51  Infestor x2  
  191  9:55  Nydus Canal  
  191  10:01  Greater Spire, Extractor  
  191  10:03  Spore Crawler  
  191  10:05  Spine Crawler  
  191  10:06  Extractor  
  187  10:10  Zergling x8  
  195  10:17  Centrifical Hooks  
  195  10:27  Corruptor x2  
  197  10:31  Spine Crawler  
  197  10:32  Spine Crawler  
  197  10:34  Baneling x2  
  197  10:35  Zergling x10, Baneling x6  
  198  10:44  Nydus Canal  
  198  10:50  Drone  
  198  10:51  Drone  
  192  11:13  Infestor x3  
  197  11:34  Baneling x4  
  197  11:43  Zergling x18  
  180  11:49  Brood Lord x10  
  180  11:51  Zergling x4  
  190  12:05  Baneling x6  
  190  12:06  Ravager x2  
  191  12:12  Zergling x26, Roach x3  
  191  12:25  Corruptor  
  191  12:26  Corruptor x3  
  193  12:39  Infestor  
  193  12:40  Infestor x2  
  199  12:45  Nydus Canal  
  199  12:46  Zerg Missile Weapons Level 3  
  199  12:47  Zerg Ground Armor Level 1  
  199  12:53  Overseer  
  187  12:59  Infestor x2  
  187  13:07  Overseer  
  187  13:08  Zergling x10, Roach x3  
  187  13:09  Nydus Canal  
  189  13:13  Drone x2  
  189  13:14  Spine Crawler  
  189  13:17  Drone x2  
  189  13:19  Spore Crawler x2, Drone x2  
  192  13:25  Corruptor x3  
  193  13:31  Extractor, Drone x3  
  193  13:32  Spine Crawler, Infestor x3, Nydus Canal, Extractor  
  190  13:34  Zerg Flyer Weapons Level 1, Spine Crawler  
  190  13:36  Spire  
  190  13:37  Spine Crawler  
  185  13:45  Zergling x24  
  189  13:53  Zergling x26  
  189  13:54  Zergling x4  
  195  14:02  Nydus Canal  
  181  14:07  Infestor x3  
  181  14:09  Corruptor x3  
  176  14:14  Spine Crawler x2, Drone x5  
  176  14:15  Drone  
  176  14:16  Nydus Canal  
  190  14:23  Overseer  
  185  14:24  Neural Parasite  
  185  14:31  Brood Lord x2  
  185  14:34  Zergling x2, Roach x2  
  185  14:35  Zergling x4  
  185  14:36  Baneling x5  
  196  14:39  Drone x3  
  196  14:40  Spine Crawler  
  196  14:41  Spine Crawler  
  197  14:48  Drone x2  
  197  14:51  Spore Crawler, Zerg Flyer Armor Level 1  
  197  14:52  Spore Crawler  
  197  14:56  Spore Crawler x2  
  197  14:57  Spore Crawler  
  197  14:58  Spore Crawler, Nydus Canal  
  194  15:00  Zergling x10  
  194  15:02  Infestor  
  194  15:05  Spore Crawler x2, Nydus Canal  
  194  15:06  Spore Crawler x2  
  194  15:11  Brood Lord x2  
  194  15:12  Brood Lord  
  200  15:20  Nydus Canal  
  181  15:40  Zergling x20  
  168  16:00  Zergling x2, Roach x2  
  168  16:01  Zergling x12  
  171  16:07  Infestor x3  
  171  16:08  Infestor x2  
  180  16:19  Zerg Flyer Weapons Level 2  
  180  16:26  Corruptor x5  
  180  16:30  Overlord x2  
  190  16:32  Nydus Canal  
  190  16:33  Overlord  
  190  16:35  Overseer  
  187  16:57  Brood Lord x5  
  187  16:58  Infestor x3  
  192  17:08  Drone x3  
  192  17:09  Drone  
  192  17:12  Zerg Flyer Armor Level 2  
  192  17:14  Nydus Canal  
  189  17:28  Nydus Canal  
  189  17:29  Viper x3  
  196  17:40  Drone x3  
  196  17:43  Spore Crawler  
  196  17:44  Spore Crawler  
  197  17:46  Spore Crawler  
  197  17:49  Zerg Melee Weapons Level 3, Zerg Ground Armor Level 2  
  190  18:12  Corruptor x4  
  192  18:27  Extractor  
  183  18:35  Zergling x14  
  190  18:48  Brood Lord x4  
  165  19:02  Infestor  
  165  19:03  Infestor x5  
  165  19:06  Zergling x26  
  165  19:14  Infestor x4  
  153  19:33  Hatchery  
  153  19:37  Corruptor x4  
  160  19:42  Corruptor x2  
  152  19:54  Zergling x14  
  155  20:03  Viper x2  
  161  20:09  Brood Lord  
  161  20:12  Brood Lord  
  161  20:20  Brood Lord  
  161  20:23  Viper  
  162  20:38  Brood Lord x2, Extractor  
  165  20:47  Brood Lord  
  167  20:56  Corruptor  
  158  21:02  Zergling x14  
  165  21:17  Corruptor  
  169  21:19  Spine Crawler  
  163  21:36  Spore Crawler  
  163  21:37  Corruptor  
  161  21:40  Corruptor  
  161  21:42  Spore Crawler  
  161  21:46  Zergling x12  
  167  22:00  Roach x5  
  174  22:11  Infestor  
  174  22:14  Baneling  
  174  22:15  Baneling x2  
  176  22:16  Baneling x2  
  176  22:17  Baneling  
  176  22:18  Zergling x8  
  176  22:22  Roach  
  182  22:36  Roach x5  
  190  22:42  Overlord  
  179  23:09  Corruptor x3  
  173  23:30  Infestor  
  173  23:33  Zergling x20  
  183  23:48  Hatchery  
  182  23:56  Corruptor x2  
  179  24:17  Infestor  
  179  24:20  Zergling x8, Hatchery  
  183  24:45  Queen x3  
  184  24:48  Extractor  
  184  24:50  Extractor  
  186  25:03  Drone  
  187  25:08  Drone x3  
  190  25:21  Brood Lord x2  
  194  25:33  Brood Lord  
  196  25:57  Hatchery  
  196  26:00  Brood Lord  
  197  26:14  Zergling x2  
  198  26:24  Corruptor  
  200  26:33  Zerg Flyer Weapons Level 3  
  200  26:38  Extractor  
  200  26:39  Drone  
  200  26:40  Drone, Extractor  
  200  26:43  Hatchery  
  199  27:07  Hatchery  
  198  27:09  Drone  
  160  27:44  Infestor  
  160  27:45  Infestor x2  
  160  27:50  Brood Lord  
  162  27:52  Zergling x18  
  162  27:54  Drone x3  
  162  27:55  Drone x3  
  177  28:01  Drone  
  177  28:02  Drone x3  
  181  28:08  Extractor  
  181  28:11  Corruptor x4, Extractor  
  187  28:21  Drone x2  
  187  28:24  Roach x2  
  187  28:25  Roach x2  
  196  28:33  Drone x3  
  191  28:34  Drone x2  
  189  28:42  Brood Lord  
  189  28:43  Brood Lord  
  192  28:49  Baneling x4  
  192  28:52  Infestor  
  194  28:55  Drone x2  
  194  28:56  Drone  
  194  28:57  Spine Crawler  
  194  28:58  Spine Crawler  
  194  29:01  Viper  
  198  29:02  Overseer  
  198  29:06  Drone  
  199  29:56  Brood Lord x2  
Tags
 
Add a new tag
Caveats
  • Supply blocks, unpowered buildings, or Contaminate may cause inaccurate times.
  • Supply counts are checked every 10 seconds.